 Seeded DCSS version 0.28-a0-1412-gf95308ed99 (webtiles) character file.

Game seed: 11949628902922632575 (custom seed)

62 flotson the Ducker (level 3, 0/28 HPs)
             Began as a Demonspawn Gladiator on Jan 6, 2022.
             Succumbed to an adder's poison
             ... on level 2 of the Dungeon.
             The game lasted 00:01:35 (1257 turns).

flotson the Ducker (Demonspawn Gladiator)           Turns: 1257, Time: 00:01:36

Health: 0/28       AC:  4    Str: 16    XL:     3   Next: 85%
Magic:  3/3        EV: 12    Int:  9    God:
Gold:   54         SH:  0    Dex: 16    Spells: 2/2 levels left

rFire   . . .      SeeInvis .   a - +0 war axe
rCold   . . .      Faith    .   (no shield)
rNeg    . . .      Spirit   .   b - +0 leather armour
rPois   .          Reflect  .   c - +0 helmet
rElec   .          Harm     .   (no cloak)
rCorr   .          Rampage  .   (no gloves)
Will    +....                   (no boots)
Stlth   +.........              (no amulet)
HPRegen 0.09/turn               (no ring)
MPRegen 0.08/turn               (no ring)

@: lethally poisoned (0 -> -4)
A: claws 1, agile 1, strong-willed 1
a: no special abilities


You were on level 2 of the Dungeon.
You visited 1 branch of the dungeon, and saw 2 of its levels.

You collected 54 gold pieces.

Inventory:

Hand Weapons
 a - a +0 war axe (weapon)
Missiles
 d - 3 throwing nets
 g - 6 poisoned darts (quivered)
Armour
 b - a +0 leather armour (worn)
 c - a +0 helmet (worn)
Scrolls
 e - 2 scrolls of identify {unknown}


   Skills:
 + Level 2.5 Fighting
 + Level 3.1 Axes
 + Level 2.3 Throwing
 + Level 1.2 Armour
 + Level 3.1 Dodging


You had 2 spell levels left.
You didn't know any spells.
Your spell library was empty.

Dungeon Overview and Level Annotations

Branches:
Dungeon (2/15)

Altars:

Shops:
D:2 ==


Innate Abilities, Weirdness & Mutations

You have sharp fingernails.
You are agile. (Dex +2)
You are strong-willed. (Will+)


Message History

* * * LOW HITPOINT WARNING * * *
You feel sick. The adder closely misses you.
The adder bites you but does no damage.
You barely miss the adder.
The adder is heavily wounded.
You feel sick. The adder bites you but does no damage.
It was a potion of mutation.
You feel extremely strange.
You feel strong-willed.
You feel agile.
You feel sick. The adder barely misses you. x2
It was a potion of curing.
You feel better. The adder bites you.
You barely miss the adder.
The adder is moderately wounded.
The adder closely misses you. The adder bites you.
You barely miss the adder.
The adder is moderately wounded.
The adder bites you but does no damage. The adder misses you.
You miss the adder.
The adder is moderately wounded.
The adder bites you but does no damage.
You hit the adder.
The adder is heavily wounded.
The adder bites you but does no damage. The adder closely misses you.
You hit the adder.
The adder is heavily wounded.
The adder bites you. x2
* * * LOW HITPOINT WARNING * * *
You are lethally poisoned!
The adder poisons you!
You barely miss the adder.
The adder is heavily wounded.
* * * LOW HITPOINT WARNING * * *
You feel very sick. The adder bites you but does no damage.
You miss the adder.
The adder is heavily wounded.
* * * LOW HITPOINT WARNING * * *
You feel sick. The adder misses you. The adder completely misses you.
You hit the adder.
The adder is severely wounded.
You die...

#...) .# $ +...+ ..#
..####.#.##..
......∩..... ##
...#.#..###..#
##########..#..#..?.#
...............S$#
#.........##S##.S..
#.........##†@# #
####.............#
...................
..###....###.......
..#G#....# #........
..###....# ##########
.........####
_.............
..............


You could see an adder.

Vanquished Creatures
  Jessica (D:2)
  2 adders (D:2)
  7 ball pythons
  2 bats (D:2)
  A giant cockroach (D:1)
  A goblin (D:1)
  A quokka (D:1)
  A frilled lizard (D:1)
  A kobold (D:1)
  2 rats (D:1)
19 creatures vanquished.

Notes
Turn   | Place    | Note
-------+----------+-------------------------------------------
     0 | D:1      | flotson the Demonspawn Gladiator began the quest for the
                  | Orb.
     0 | D:1      | Reached XP level 1. HP: 16/16 MP: 1/1
   563 | D:1      | Discovered your monstrous ancestry.
   563 | D:1      | Gained mutation: You have sharp fingernails. [demonic
                  | ancestry]
   563 | D:1      | Reached XP level 2. HP: 20/22 MP: 2/2
  1046 | D:2      | Found Rung's Jewellery Emporium.
  1181 | D:2      | Noticed Jessica
  1188 | D:2      | Killed Jessica
  1189 | D:2      | Reached skill level 1 in Armour
  1189 | D:2      | Reached XP level 3. HP: 28/28 MP: 3/3
  1193 | D:2      | Noticed a shining eye
  1198 | D:2      | Noticed a floating eye
  1206 | D:2      | Found a faded altar of an unknown god.
  1208 | D:2      | Noticed a great orb of eyes
  1208 | D:2      | Noticed a golden eye
  1219 | D:2      | Found Nokhlire's Jewellery Emporium.
  1248 | D:2      | Gained mutation: You are strong-willed. (Will+) [potion of
                  | mutation]
  1248 | D:2      | Gained mutation: You are agile. (Dex +2) [potion of
                  | mutation]
  1256 | D:2      | HP: 1/28 [poisoned by an adder]
  1257 | D:2      | Succumbed to an adder's poison

Illustrated notes

Levels and vault maps discovered:
D:1:      nzn_arrival_water_spiral, layout_loops_ring, minmay_misc_feat_x
D:2:      layout_basic, hellmonk_ecumenical_altar_watching_god, serial_shops,
          shop, nicolae_shop_crystal, nicolae_shop_crystal, shop,
          nicolae_shop_bloodbath_and_beyond, minmay_misc_feat_tiny,
          minmay_pentomino_z4, uniq_jessica

Skill      XL: |  1  2 |
---------------+-------+-----
Throwing       | 2 |  2.3
Axes           | 3 |  3.1
Armour         | 1 |  1.2
Dodging        | 3 |  3.1
Fighting       | |  2.5

Action                   || total
-------------------------++-------
Melee: War axe           ||    61
Throw: Dart              ||     6
  Use: Potion            ||     2
Armor: Leather armour    ||    21
Dodge: Dodged            ||    44

Table legend: (Time is in decaauts)
 A = Elapsed time spent in this place.
 B = Non-inter-level travel time spent in this place.
 C = Inter-level travel time spent in this place.
 D = Time resting spent in this place.
 E = Time spent auto-exploring this place.
 F = Levels seen in this place.
 G = Mean time per level.
                   A        B        C        D        E       F      G
               +--------+--------+--------+--------+--------+-----+--------+
         Total |   1282 |   1280 |      2 |      0 |   1110 |   2 |  641.0 |
       Dungeon |   1282 |   1280 |      2 |      0 |   1110 |   2 |  641.0 |
               +--------+--------+--------+--------+--------+-----+--------+

Top non-repeatable levels by time:
     D:1: 1064 daAuts
     D:2: 218 daAuts
